 Dungeon Crawl Stone Soup version 0.30-a0-347-gf58ed5266c (webtiles) character file.

Game seed: 13392025540859275251

1037 HolyTactitian the Trooper (level 8, -1/61 HPs)
             Began as a Human Cinder Acolyte on Nov 6, 2022.
             Was an Elder of Ignis.
             Succumbed to Dowan's poison
             ... on level 5 of the Dungeon.
             The game lasted 00:34:28 (4190 turns).

HolyTactitian the Trooper (Human Cinder Acolyte)    Turns: 4190, Time: 00:34:28

Health: -1/61      AC:  8    Str: 18    XL:     8   Next: 48%
Magic:  9/9        EV: 13    Int: 14    God:    Ignis [****..]
Gold:   233        SH:  0    Dex: 14    Spells: 7/9 levels left

rFire   + . .      SeeInvis .    o - +0 whip (venom)
rCold   . . .      Faith    .    k - orb {light}
rNeg    . . .      Spirit   .    n - +0 leather armour
rPois   .          Reflect  .    A - +2 helmet
rElec   .          Harm     .    i - +0 cloak
rCorr   .          Rampage  .    v - +0 pair of gloves
Will    .....                    (no boots)
Stlth   +.........               (no amulet)
HPRegen 0.30/turn                w - +6 ring of dexterity
MPRegen 0.11/turn                g - ring of wizardry

@: lethally poisoned (-1 -> -13), rising, flying, glowing
A: no striking features
a: Renounce Religion, Fiery Armour, Foxfire Swarm


You were on level 5 of the Dungeon.
You worshipped Ignis.
Ignis was greatly pleased with you.
You visited 1 branch of the dungeon, and saw 5 of its levels.

You collected 233 gold pieces.

Inventory:

Hand Weapons
 a - a -1 falchion of flaming
 o - a +0 whip of venom (weapon)
Missiles
 x - 6 atropa-tipped darts
Armour
 b - a +0 robe
 i - a +0 cloak (worn)
 k - an orb of light (worn)
 n - a +0 leather armour (worn)
 u - a +0 chain mail
 v - a +0 pair of gloves (worn)
 A - a +2 helmet (worn)
Magical Staves
 d - a staff of poison
Jewellery
 g - a ring of wizardry (right hand)
 w - a +6 ring of dexterity (left hand)
Wands
 q - a wand of polymorph (7)
 t - a wand of iceblast (10)
 C - a wand of acid (11)
Scrolls
 e - 3 scrolls of identify
 l - a scroll of noise {unknown}
 m - 2 scrolls of magic mapping {unknown}
 r - 4 scrolls of teleportation {unknown}
 s - a scroll of vulnerability {unknown}
 y - a scroll of enchant weapon {unknown}
 B - a scroll of blinking {unknown}
Potions
 c - 3 potions of attraction {unknown}
 f - 2 potions of curing {unknown}
 h - a potion of resistance {unknown}
 j - a potion of mutation {unknown}
 p - a potion of brilliance {unknown}
 z - 2 potions of cancellation {unknown}


   Skills:
 + Level 4.7 Fighting
 + Level 4.3 Long Blades
 + Level 4.4 Maces & Flails
 + Level 3.4 Armour
 + Level 4.4 Dodging
 + Level 0.9 Stealth
 + Level 1.1 Spellcasting
 + Level 3.2 Fire Magic
 + Level 0.6 Evocations


You had 7 spell levels left.
You knew the following spells:

 Your Spells              Type           Power      Damage    Failure   Level
a - Scorch                Fire           18%        2d6       4%          2

Your spell library contained the following spells:

 Spells                   Type           Power      Damage    Failure   Level
 Call Canine Familiar     Summ           0%         N/A       34%         3
 Gell's Gravitas          Tloc           0%         N/A       34%         3
 Lesser Beckoning         Tloc           0%         N/A       34%         3
 Portal Projectile        Hex/Tloc       0%         N/A       34%         3
 Teleport Other           Tloc           0%         N/A       34%         3
 Leda's Liquefaction      Hex/Erth       0%         N/A       73%         4


Dungeon Overview and Level Annotations

Branches:
Dungeon (5/15)
 Temple: D:4-7

Altars:
Ashenzari
Elyvilon
Hepliaklqana
Kikubaaqudgha
Qazlal
Xom
Yredelemnul


Message History

Dowan hits you but does no damage.
You are poisoned.
Dowan hits you with a +2 dagger of venom.
You hit Dowan.
Dowan looks even sicker.
Dowan is almost dead.
You feel sick. Dowan hits you but does no damage.
You are more poisoned.
You barely miss Dowan.
Dowan is almost dead.
You feel very sick.
Dowan hits you with a +2 dagger of venom.
You are more poisoned.
Dowan attacks as you move away!
Dowan hits you with a +2 dagger of venom.
You are lethally poisoned!
You feel very sick.
You kill Dowan!
The ice beast hits you but does no damage.
You hit the ice beast.
The ice beast is lightly wounded.
You feel very sick. The ice beast closely misses you.
You hit the ice beast but do no damage.
The ice beast is lightly wounded.
* * * LOW HITPOINT WARNING * * *
You feel very sick.
The ice beast hits you but does no damage.
Aiming: Polymorph
Press: ? - help, Q - select action, (/) - cycle Shift-Dir - straight line The ice beast evaporates and reforms as a sky beast!
* * * LOW HITPOINT WARNING * * *
You feel very sick. The sky beast hits you.
* * * LOW HITPOINT WARNING * * *
The sky beast shocks you.
* * * LOW HITPOINT WARNING * * *
Activating: Rising Flame
Press: ? - help, Q - select action, (/) - cycle Dir - look around, f - activate You begin to rise into the air.
You die...

. ...#....## #.......##
.###.......####......##
.............##.....##
. #...........#....##
..##........†......##
.......)...........#
.#........†......##
##....?.........##
#.....Y@.)......#
..................#
#.......)...........
..........###........
........### #.###....
#.....### .# ##. ##.###
##


You could see a sky beast.

Vanquished Creatures
  The ghost of a11behringer the Chopper, an amateur DrRe (D:4)
  Duvessa (D:5)
  A kobold brigand (D:4)
  2 necrophages (D:5)
  2 scorpions (D:5)
  Dowan (D:5)
  2 hounds (D:5)
  3 quasits (D:4)
  2 orc wizards (D:5)
  2 iguanas (D:5)
  4 adders
  12 orcs
  5 bats
  8 endoplasms
  A giant cockroach (D:1)
  7 goblins
  4 hobgoblins
  6 jackals
  4 quokkas
  8 ball pythons
  A frilled lizard (D:1)
  9 kobolds
  4 rats
90 creatures vanquished.

Vanquished Creatures (others)
  11 foxfires (D:4)
11 creatures vanquished.

Grand Total: 101 creatures vanquished

Notes
Turn   | Place    | Note
-------+----------+-------------------------------------------
     0 | D:1      | HolyTactitian the Human Cinder Acolyte began the quest for
                  | the Orb.
     0 | D:1      | Reached XP level 1. HP: 18/18 MP: 2/2
   258 | D:1      | Reached XP level 2. HP: 21/24 MP: 3/3
   913 | D:2      | Reached XP level 3. HP: 29/29 MP: 4/4
  1947 | D:3      | Reached skill level 1 in Dodging
  1979 | D:3      | Found a faded altar of an unknown god.
  2183 | D:3      | Found a white marble altar of Elyvilon.
  2185 | D:3      | Found a broken altar of Ashenzari.
  2186 | D:3      | Found a stormy altar of Qazlal.
  2186 | D:3      | Found a shimmering altar of Xom.
  2186 | D:3      | Found an ancient bone altar of Kikubaaqudgha.
  2448 | D:3      | Reached XP level 4. HP: 35/35 MP: 5/5
  2919 | D:4      | Reached XP level 5. HP: 29/42 MP: 6/6
  3061 | D:4      | Found a transporter.
  3069 | D:4      | Noticed a11behringer's ghost (amateur DrRe)
  3127 | D:4      | Found a transporter.
  3162 | D:4      | Reached skill level 1 in Armour
  3162 | D:4      | Reached XP level 6. HP: 38/48 MP: 7/7
  3179 | D:4      | Killed a11behringer's ghost
  3180 | D:4      | Reached XP level 7. HP: 43/54 MP: 8/8
  3345 | D:4      | Learned a level 2 spell: Scorch
  3537 | D:5      | Entered Level 5 of the Dungeon
  3674 | D:5      | Found a hazy altar of Hepliaklqana.
  3694 | D:5      | Found a basalt altar of Yredelemnul.
  4013 | D:5      | Reached XP level 8. HP: 54/61 MP: 9/9
  4169 | D:5      | Noticed Duvessa
  4169 | D:5      | Noticed Dowan
  4176 | D:5      | Killed Duvessa
  4186 | D:5      | Killed Dowan
  4189 | D:5      | HP: 1/61 [sky beast (6)]
  4190 | D:5      | Succumbed to Dowan's poison

Illustrated notes

Levels and vault maps discovered:
D:1:      dpeg_arrival_snail, layout_basic
D:2:      wander_river, layout_rooms, hangedman_decor_peaks_small, minivault_27
D:3:      layout_loops_corners, grunt_temple_overflow_open,
          chequers_ecumenical_altar_island
D:4:      layout_cave_pools, gammafunk_ghost_stat_death, grunt_decor_one_mirror,
          nicolae_elevator_lobby_plus
D:5:      layout_cave_pods, mainiacjoe_overflow_large_starburst,
          minmay_temple_entry_large_hall, uniq_duvessa

Skill      XL: |  1  2  3  4  5  6  7  8 |
---------------+-------------------------+-----
Dodging        | 1 2 3 4 |  4.4
Long Blades    | 4 |  4.3
Armour         | 1 2 3 |  3.4
Fighting       | 4 |  4.7
Maces & Flails | 2 3 4 |  4.4
Stealth        | |  0.9
Spellcasting   | |  1.1
Fire Magic     | |  3.2
Evocations     | |  0.6

Action                   |  1- 3 |  4- 6 |  7- 9 || total
-------------------------+-------+-------+-------++-------
Melee: Falchion          |   110 |       |       ||   110
       Whip              |     4 |    80 |    87 ||   171
 Cast: Scorch            |       |       |     1 ||     1
Invok: Fiery Armour      |       |     1 |     1 ||     2
       Foxfire Swarm     |       |     1 |       ||     1
       Rising Flame      |       |       |     1 ||     1
Evoke: Wand              |       |     1 |     6 ||     7
  Use: Scroll            |     2 |       |       ||     2
       Potion            |       |       |     1 ||     1
Armor: Robe              |    43 |       |       ||    43
       Leather armour    |     2 |    70 |    37 ||   109
       Skin              |       |       |     4 ||     4
Dodge: Dodged            |   106 |   102 |    82 ||   290

Table legend: (Time is in decaauts)
 A = Elapsed time spent in this place.
 B = Non-inter-level travel time spent in this place.
 C = Inter-level travel time spent in this place.
 D = Time resting spent in this place.
 E = Time spent auto-exploring this place.
 F = Levels seen in this place.
 G = Mean time per level.
                   A        B        C        D        E       F      G
               +--------+--------+--------+--------+--------+-----+--------+
         Total |   4247 |   4131 |    116 |    288 |      0 |   5 |  849.4 |
       Dungeon |   4247 |   4131 |    116 |    288 |      0 |   5 |  849.4 |
               +--------+--------+--------+--------+--------+-----+--------+

Top non-repeatable levels by time:
     D:2: 989 daAuts
     D:1: 914 daAuts
     D:4: 856 daAuts
     D:3: 838 daAuts
     D:5: 648 daAuts
